 Dungeon Crawl Stone Soup version 0.32-a0-799-g95e1662365 (webtiles) character file.

Game seed: 2984704406751467509

44 Cheivey the Shield-Bearer (level 3, 35/35 HPs)
             Began as a Gnoll Fighter on Mar 21, 2024.
             Was a Follower of Kikubaaqudgha.
             Quit the game on level 2 of the Dungeon.
             The game lasted 00:03:07 (1346 turns).

Cheivey the Shield-Bearer (Gnoll Fighter)           Turns: 1346, Time: 00:03:08

Health: 35/35      AC:  9    Str: 14 (15) XL:     3   Next: 62%
Magic:  4/4        EV:  8    Int:  6 (7)  God:    Kikubaaqudgha [*.....]
Gold:   72         SH:  5    Dex: 11 (13) Spells: 3/3 levels left

rFire   . . .        a - +0 war axe
rCold   . . .        c - +0 buckler
rNeg    . . .        b - +0 scale mail
rPois   .            (no helmet)
rElec   .            (no cloak)
rCorr   .            (no gloves)
SInv    .            e - +0 pair of boots
Will    .....        (no amulet) Stlth
                     (no ring)
HPRegen 0.25/turn    (no ring)
MPRegen 0.09/turn

%: random rage (3%)
@: no status effects
A: fangs 1, strong nose, distributed training, berserk 1, deterioration 2
a: Renounce Religion, Unearth Wretches


You were on level 2 of the Dungeon.
You worshipped Kikubaaqudgha.
Kikubaaqudgha was aware of your devotion.
You visited 1 branch of the dungeon, and saw 2 of its levels.

You collected 72 gold pieces.

Inventory:

Hand Weapons
 a - a +0 war axe (weapon)
Missiles
 i - a throwing net (quivered)
Armour
 b - a +0 scale mail (worn)
 c - a +0 buckler (worn)
 e - a +0 pair of boots (worn)
Scrolls
 f - a scroll of enchant armour {unknown}
 g - 2 scrolls of teleportation {unknown}
 h - a scroll of immolation {unknown}
 j - a scroll of vulnerability {unknown}
Potions
 d - a potion of might
 l - a potion of berserk rage


   Skills:
 + Level 6.5 Fighting
 + Level 0.9 Short Blades
 + Level 0.9 Long Blades
 + Level 4.5 Axes
 + Level 0.9 Maces & Flails
 + Level 0.9 Polearms
 + Level 0.9 Staves
 + Level 0.9 Ranged Weapons
 + Level 0.9 Throwing
 + Level 6.5 Armour
 + Level 0.9 Dodging
 + Level 0.9 Stealth
 + Level 6.5 Shields
 + Level 0.9 Unarmed Combat
 + Level 0.9 Spellcasting
 + Level 0.6 Conjurations
 + Level 0.6 Hexes
 + Level 0.6 Summonings
 + Level 0.6 Necromancy
 + Level 0.6 Translocations
 + Level 0.6 Fire Magic
 + Level 0.6 Ice Magic
 + Level 0.6 Air Magic
 + Level 0.6 Earth Magic
 + Level 0.6 Alchemy
 + Level 1.0 Invocations
 + Level 0.9 Evocations
 + Level 0.7 Shapeshifting


You had 3 spell levels left.
You didn't know any spells.
Your spell library contained the following spells:

 Spells                   Type           Power      Damage    Failure   Level
 Kiss of Death            Conj/Necr      4%         2d5       86%         1
 Necrotise                Necr           4%         1d4       86%         1
 Fugue of the Fallen      Necr           1%         N/A       99%         3
 Tukima's Dance           Hex            1%         N/A       99%         3
 Vampiric Draining        Necr           1%         2d6       99%         3
 Dimensional Bullseye     Hex/Tloc       0%         N/A       100%        4
 Iskenderun's Mystic Bla  Conj/Tloc      1%         2d3       100%        4


Dungeon Overview and Level Annotations

Branches:
Dungeon (2/15) Zot: 10624

Altars:
Kikubaaqudgha


Innate Abilities, Weirdness & Mutations

You have very sharp teeth.
Your uncanny sense of smell can sniff out nearby items.
Your experience applies equally to all skills.
You sometimes lose your temper in combat.
Your body often deteriorates upon taking damage.


Message History

No target in view!
You see here a rat corpse.
i - a throwing net
Found an escape hatch in the ceiling.
You see here a +0 short sword.
Found a flail.
There is a stone staircase leading down here.
An endoplasm comes into view.
The endoplasm quivers.
An endoplasm is nearby!
The endoplasm hits you but does no damage.
You slash the endoplasm!
You kill the endoplasm!
You feel your strength returning.
No target in view!
No target in view!
No target in view!
No target in view!
No target in view!
No target in view!
No target in view!
No target in view!
No target in view!
No target in view!
No target in view!
No target in view!
No target in view!
Done exploring.
Done exploring.
Search for what [? for help]? altar
There is a faded altar of an unknown god here.
This altar belongs to (a) Kikubaaqudgha, (b) Beogh or (c) Yredelemnul, but you can't tell which.
Press the corresponding letter to learn more about a god, or press enter to convert or escape to cancel.
Okay, then.
This altar belongs to (a) Kikubaaqudgha, (b) Beogh or (c) Yredelemnul, but you can't tell which.
Press the corresponding letter to learn more about a god, or press enter to convert or escape to cancel.
Kikubaaqudgha accepts your prayer! Kikubaaqudgha welcomes you!
You can now bring forth the wretched and dying.
Kikubaaqudgha grants you a gift!
You add the spells Kiss of Death, Necrotise, Fugue of the Fallen and Vampiric Draining to your library.
Are you sure you want to abandon this character and quit the game? (Confirm with "yes".)

######## #......####
#.#.......#
#.#.##.##.#
#.#.#...#.#
#.#...@...########
#...#...#........#
#.#.##.##.######.#####
#.#.......## ##.#...##
##.######...#
##.#...... #..#
###.###.#....... #.##
#....##....... #.#
#.###.#....... #.# #.#
##.#.....#


There were no monsters in sight!

Vanquished Creatures
  2 adders
  3 endoplasms
  2 giant cockroaches
  4 goblins
  4 hobgoblins
  4 kobolds (D:2)
  A quokka (D:1)
  A ball python (D:2)
  A bat (D:1)
  2 rats (D:2)
24 creatures vanquished.

Notes
Turn   | Place    | Note
-------+----------+-------------------------------------------
     0 | D:1      | Cheivey the Gnoll Fighter began the quest for the Orb.
     0 | D:1      | Reached XP level 1. HP: 23/23 MP: 1/1
   595 | D:2      | Reached XP level 2. HP: 27/29 MP: 2/2
   650 | D:2      | Gained mutation: You have sharp fingernails. [potion of
                  | mutation]
   650 | D:2      | Gained mutation: Your health recovers twice as slowly from
                  | being drained. [potion of mutation]
   651 | D:2      | Lost mutation: Your health recovers twice as slowly from
                  | being drained. [potion of mutation]
   651 | D:2      | Lost mutation: You have sharp fingernails. [potion of
                  | mutation]
   651 | D:2      | Gained mutation: You sometimes lose your temper in combat.
                  | [potion of mutation]
   651 | D:2      | Gained mutation: Your body sometimes deteriorates upon
                  | taking damage. [potion of mutation]
   651 | D:2      | Gained mutation: Your body often deteriorates upon taking
                  | damage. [potion of mutation]
   697 | D:2      | Reached XP level 3. HP: 28/35 MP: 2/4
   709 | D:2      | Reached skill level 1 in Invocations
   907 | D:2      | Found a faded altar of an unknown god.
  1345 | D:2      | Prayed at the altar of an unknown god.
  1345 | D:2      | Became a worshipper of Kikubaaqudgha
  1345 | D:2      | Reached * piety under Kikubaaqudgha
  1345 | D:2      | Received a gift from Kikubaaqudgha
  1346 | D:2      | Quit the game

Illustrated notes

Levels and vault maps discovered:
D:1:      dpeg_arrival_houses_and_road, layout_loops_ring
D:2:      layout_loops_ring, ebering_ecumenical_altar_box,
          nicolae_kite_square_tiling_tiny, minmay_tiny_reverse_x

Skill      XL: |  1  2  3 |
---------------+----------+-----
Invocations    | 1 |  1.0
Fighting       | |  6.5
Short Blades   | |  0.9
Long Blades    | |  0.9
Axes           | |  4.5
Maces & Flails | |  0.9
Polearms       | |  0.9
Staves         | |  0.9
Ranged Weapons | |  0.9
Throwing       | |  0.9
Armour         | |  6.5
Dodging        | |  0.9
Stealth        | |  0.9
Shields        | |  6.5
Unarmed Combat | |  0.9
Spellcasting   | |  0.9
Conjurations   | |  0.6
Hexes          | |  0.6
Summonings     | |  0.6
Necromancy     | |  0.6
Translocations | |  0.6
Fire Magic     | |  0.6
Ice Magic      | |  0.6
Air Magic      | |  0.6
Earth Magic    | |  0.6
Alchemy        | |  0.6
Evocations     | |  0.9
Shapeshifting  | |  0.7

Action                     || total
---------------------------++-------
  Melee: War axe           ||    74
         Bite              ||     6
    Use: Potion            ||     5
 Armour: Scale mail        ||    62
  Dodge: Dodged            ||    40
  Block: Buckler           ||    17

Table legend: (Time is in decaauts)
 A = Elapsed time spent in this place.
 B = Non-inter-level travel time spent in this place.
 C = Inter-level travel time spent in this place.
 D = Time resting spent in this place.
 E = Time spent auto-exploring this place.
 F = Levels seen in this place.
 G = Mean time per level.
                   A        B        C        D        E       F      G
               +--------+--------+--------+--------+--------+-----+--------+
         Total |   1375 |   1302 |     73 |      0 |   1062 |   2 |  687.5 |
       Dungeon |   1375 |   1302 |     73 |      0 |   1062 |   2 |  687.5 |
               +--------+--------+--------+--------+--------+-----+--------+

Top non-repeatable levels by time:
     D:2: 763 daAuts
     D:1: 611 daAuts
